 Dungeon Crawl Stone Soup version 0.20-a0-61-ga1b20b4 (webtiles) character file.

163 Faca the Skirmisher (level 5, -2/43 HPs)
             Began as a Formicid Berserker on Nov 18, 2016.
             Was a Priest of Trog.
             Slain by an iguana (11 damage)
             ... on level 4 of the Dungeon.
             The game lasted 00:16:38 (3054 turns).

Faca the Skirmisher (Formicid Berserker)            Turns: 3054, Time: 00:16:39

Health: -2/43      AC:  8    Str: 22    XL:     5   Next: 73%
Magic:  5/5        EV:  8    Int:  6    God:    Trog [***...]
Gold:   88         SH:  0    Dex: 11    Spells: 0 memorised, 4 levels left

rFire  . . .     SeeInvis +     f - +0 hand axe
rCold  + . .     Gourm    .     k - +0 chain mail
rNeg   . . .     Faith    .     (no shield)
rPois  .         Spirit   .     (helmet unavailable)
rElec  .         Reflect  .     (no cloak)
rCorr  .         Harm     .     (no gloves)
MR     .....                    (no boots)
Stlth  ..........               (no amulet)
                                (no ring)
                                a - ring of protection from cold

@: heavily drained
A: permanent stasis, dig shafts and tunnels, four strong arms, antennae 3
a: Dig, Shaft Self, Trog's Hand, Burn Spellbooks, Renounce Religion


You were on level 4 of the Dungeon.
You worshipped Trog.
Trog was most pleased with you.
You were not hungry.

You visited 1 branch of the dungeon, and saw 4 of its levels.

You collected 88 gold pieces.

Inventory:

Hand Weapons
 f - a +0 hand axe (weapon)
Armour
 k - a +0 chain mail (worn)
Jewellery
 a - a ring of protection from cold (left hand)
Scrolls
 h - 3 scrolls of magic mapping
Potions
 d - a potion of heal wounds
 e - a potion of cure mutation
 i - 3 potions of haste {unknown}
 j - a potion of curing
Comestibles
 b - a beef jerky
 c - 3 bread rations


   Skills:
 + Level 4.3(2.7) Fighting
 + Level 4.0(2.3) Axes
 + Level 3.4(1.8) Armour
 + Level 2.7(1.1) Dodging


You had 4 spell levels left.
You didn't know any spells.

Dungeon Overview and Level Annotations

Branches:
Dungeon (4/15)
 Temple: D:4-7

Altars:
Gozag
Hepliaklqana

Annotations:
D:3 Faca's ghost, amateur FoBe
D:4 Faca's ghost, amateur FoFi


Innate Abilities, Weirdness & Mutations

You are under a permanent stasis effect.
You can dig through walls and to a lower floor.
Your four strong arms can wield two-handed weapons with a shield.
You have a pair of large antennae on your head. (SInv)


Message History

You hit the iguana but do no damage.
The iguana is moderately wounded.
The iguana bites you.
You closely miss the iguana.
The iguana is moderately wounded.
The iguana closely misses you. The iguana barely misses you.
You hit the iguana.
The iguana is moderately wounded.
The iguana bites you!
You hit the iguana but do no damage.
The iguana is moderately wounded.
The iguana bites you!
* * * LOW HITPOINT WARNING * * *
You hit the iguana.
The iguana is heavily wounded.
The iguana bites you.
* * * LOW HITPOINT WARNING * * *
It was a potion of cure mutation.
It has a very clean taste.
The iguana bites you!
You die...

... h# ... .#
... .# #.# .#
#.# .# #.# .#
#.######.##.#
......Zl@†..#
..######.####
#.# #.# ...
#.# #.# ..#


You could see an iguana and a howler monkey skeleton.

Vanquished Creatures
  A howler monkey (D:4)
  3 adders
  3 dart slugs
  6 leopard geckos
  An orc (D:3)
  8 bats
  8 giant cockroaches
  8 hobgoblins
  3 jackals
  2 quokkas
  2 ball pythons (D:3)
  5 frilled lizards
  8 goblins
  12 kobolds
  8 rats
78 creatures vanquished.

Notes
Turn   | Place    | Note
-------+----------+-------------------------------------------
     0 | D:1      | Faca the Formicid Berserker began the quest for the Orb.
     0 | D:1      | Reached XP level 1. HP: 18/18 MP: 1/1
    68 | D:1      | Reached XP level 2. HP: 21/24 MP: 2/2
   255 | D:1      | Reached XP level 3. HP: 22/30 MP: 3/3
   762 | D:2      | Reached ** piety under Trog
   792 | D:2      | Reached XP level 4. HP: 37/37 MP: 4/4
  1079 | D:2      | Found an opulent altar of Gozag.
  1079 | D:2      | Found a hazy altar of Hepliaklqana.
  1434 | D:3      | Noticed Faca's ghost (amateur FoBe)
  1815 | D:2      | Reached XP level 5. HP: 37/42 MP: 5/5
  2760 | D:4      | Noticed Faca's ghost (amateur FoFi)
  3046 | D:4      | Reached *** piety under Trog
  3054 | D:4      | Slain by an iguana

Vault maps used:
D:1:      eino_arrival_cavern_d, serial_bayou_pond_b
D:2:      gammafunk_temple_overflow_wave, minmay_strange_pillars
D:3:      hangedman_decor_growths
D:4:      first_bread, minmay_vboxes

Skill      XL: |  1  2  3  4  5 |
---------------+----------------+-----
Dodging        | 2 |  2.7
Fighting       | 4 |  4.3
Armour         | 3 |  3.4
Axes           | 4 |  4.0

Action                   |  1- 3 |  4- 6 || total
-------------------------+-------+-------++-------
Melee: Hand axe          |    80 |   172 ||   252
  Use: Potion            |     3 |     3 ||     6
       Scroll            |     3 |     5 ||     8
  Eat: Meat ration       |       |     1 ||     1
       Bread ration      |       |     1 ||     1
Armor: Leather armour    |    10 |       ||    10
       Ring mail         |    17 |    31 ||    48
       Chain mail        |       |    39 ||    39
Dodge: Dodged            |    45 |   106 ||   151
